 Dungeon Crawl Stone Soup version 0.28-a0-1382-g92835e5c71 (webtiles) character file.

Game seed: 15573591461663803512

72 Deminshera the Sneak (level 4, -2/28 HPs)
             Began as a Kobold Brigand on Jan 1, 2022.
             Killed from afar by an orc wizard (7 damage)
             ... with a puff of flame
             ... on level 3 of the Dungeon.
             The game lasted 00:03:04 (2639 turns).

Deminshera the Sneak (Kobold Brigand)               Turns: 2639, Time: 00:03:04

Health: -2/28      AC:  4    Str: 10    XL:     4   Next: 48%
Magic:  4/4        EV: 14    Int: 12    God:
Gold:   114        SH:  0    Dex: 16    Spells: 3/3 levels left

rFire   . . .      SeeInvis .   o - +2 dagger (venom)
rCold   . . .      Faith    .   (no shield)
rNeg    . . .      Spirit   .   b - +0 robe
rPois   .          Reflect  .   a - +0 helmet
rElec   .          Harm     .   c - +0 cloak
rCorr   +          Rampage  .   (no gloves)
Will    .....                   (no boots)
Stlth   ++++......              (no amulet)
HPRegen 0.09/turn               l - ring of resist corrosion
MPRegen 0.09/turn               (no ring)

@: mighty
A: small, no large weapons, nightstalker 3
a: no special abilities


You were on level 3 of the Dungeon.
You visited 1 branch of the dungeon, and saw 5 of its levels.

You collected 114 gold pieces.

Inventory:

Hand Weapons
 o - a +2 dagger of venom (weapon)
Missiles
 d - 38 poisoned darts (quivered)
 e - 4 curare-tipped darts
Armour
 a - a +0 helmet (worn)
 b - a +0 robe (worn)
 c - a +0 cloak (worn)
Jewellery
 l - a ring of resist corrosion (left hand)
 m - an amulet of faith
Wands
 n - a wand of flame (16)
Scrolls
 f - 3 scrolls of enchant weapon {unknown}
 g - 2 scrolls of identify {unknown}
 h - 2 scrolls of teleportation
 i - a scroll of noise {unknown}
Potions
 j - a potion of haste {unknown}
 k - a potion of might


   Skills:
 + Level 3.0 Fighting
 * Level 4.6 Short Blades
 - Level 2.1 Throwing
 - Level 1.2 Dodging
 + Level 6.0 Stealth


You had 3 spell levels left.
You didn't know any spells.
Your spell library contained the following spells:

 Spells                   Type           Power      Damage    Failure   Level
 Ensorcelled Hibernation  Hex/Ice        0%         N/A       45%         2
 Gell's Gravitas          Tloc           0%         N/A       69%         3
 Lesser Beckoning         Tloc           0%         N/A       69%         3
 Teleport Other           Tloc           0%         N/A       69%         3
 Tukima's Dance           Hex            0%         N/A       69%         3
 Enfeeble                 Hex            0%         N/A       100%        7


Dungeon Overview and Level Annotations

Branches:
Dungeon (5/15)
 Temple: D:4-7

Altars:

Shops:
D:1 (=(   D:3 [?


Innate Abilities, Weirdness & Mutations

You are small and have problems with some larger weapons.
You are completely attuned to the shadows.


Message History

You hit the orc.
The orc is heavily wounded.
The orc wizard casts a spell at you. The magic dart hits you.
The orc closely misses you.
You barely miss the orc.
The orc is heavily wounded.
You hit the orc.
The orc is almost dead.
The orc hits you with a +0 hand axe.
You hit the orc.
You kill the orc!
The orc wizard casts a spell at you.
You are confused.
You are too confused!
The orc wizard gestures at you while chanting.
You are more confused.
It was a potion of might.
You feel very mighty all of a sudden.
The orc wizard casts a spell.
The orc wizard flickers and vanishes!
Deactivating autopickup; reactivate with Ctrl-A.
You're too confused to move!
You closely miss something. Something hits you but does no damage.
Something hits you but does no damage.
You're too confused to move!
You hear some strange, mumbled words.
A magic dart appears from out of thin air!
The magic dart hits you.
You barely miss something.
You hear some strange, mumbled words.
A puff of flame appears from out of thin air!
The puff of flame hits you.
* * * LOW HITPOINT WARNING * * *
You barely miss something. Something hits you.
* * * LOW HITPOINT WARNING * * *
You feel less confused.
You hear some strange, mumbled words.
A puff of flame appears from out of thin air!
The puff of flame hits you!
You die...

..#.# #.#.#
#...###########....
#..##.)......#....
#.>.'..{...).+....
#####..@.)...#....
########.'....
#.#.... #.#....
#.##### #.#


There were no monsters in sight!

Vanquished Creatures
  2 adders (D:2)
  A worm (D:3)
  A dart slug (D:1)
  3 orcs (D:3)
  6 ball pythons
  4 bats (D:1)
  5 endoplasms
  2 giant cockroaches (D:1)
  2 goblins (D:2)
  3 hobgoblins
  A jackal (D:2)
  4 kobolds
  6 frilled lizards
  4 rats
  A spectral hobgoblin (D:1)
45 creatures vanquished.

Notes
Turn   | Place    | Note
-------+----------+-------------------------------------------
     0 | D:1      | Deminshera the Kobold Brigand began the quest for the Orb.
     0 | D:1      | Reached XP level 1. HP: 12/12 MP: 1/1
    28 | D:1      | Found Wagoi's Jewellery Shop.
    86 | D:1      | Found Rillatea's Weapon Shoppe.
   102 | D:1      | Reached XP level 2. HP: 18/18 MP: 2/2
   500 | D:1      | Reached XP level 3. HP: 22/22 MP: 3/3
   605 | D:1      | Found a faded altar of an unknown god.
   691 | D:1      | Found Soiho's Weapon Boutique.
  1694 | D:2      | Reached XP level 4. HP: 20/27 MP: 4/4
  2315 | D:3      | Found Nopedul's Magic Scroll Shop.
  2332 | D:3      | Found Tiutog's Antique Armour Shoppe.
  2344 | D:3      | You fall into a shaft and drop 2 floors!
  2344 | D:5      | Entered Level 5 of the Dungeon
  2611 | D:3      | Reached skill level 6 in Stealth
  2639 | D:3      | Killed from afar by an orc wizard

Illustrated notes

Levels and vault maps discovered:
D:1:      tarquinn_simple_flora_water_c, layout_basic,
          dreamdust_ecumenical_altar_drowned_temple, serial_shops,
          nicolae_shop_crystal, shop, shop, minmay_hexomino_p4
D:2:      layout_basic, minmay_pentomino_pile
D:3:      layout_basic, serial_shops, shop, nicolae_square_shop,
          nicolae_shop_temple_entry_statues_fountains, minmay_misc_feat_columns
D:4:      layout_cave_pools, nicolae_overflow_crystal_walls,
          minmay_temple_entry_crystal_x, grunt_ministairs_2, roderic_lattice_a
D:5:      layout_basic, gammafunk_ghost_icy, minmay_liquid_box,
          patterned_corridor

Skill      XL: |  1  2  3  4 |
---------------+-------------+-----
Short Blades   | 3 4 |  4.6
Fighting       | 3 |  3.0
Stealth        | 6 |  6.0
Throwing       | |  2.1
Dodging        | |  1.2

Action                   |  1- 3 |  4- 6 || total
-------------------------+-------+-------++-------
Melee: Dagger            |    66 |    30 ||    96
Throw: Dart              |     9 |     3 ||    12
  Use: Scroll            |       |     1 ||     1
       Potion            |       |     1 ||     1
 Stab: Sleeping          |    19 |     2 ||    21
       Distracted        |       |     1 ||     1
Armor: Robe              |    25 |     4 ||    29
Dodge: Dodged            |    42 |     8 ||    50

Table legend: (Time is in decaauts)
 A = Elapsed time spent in this place.
 B = Non-inter-level travel time spent in this place.
 C = Inter-level travel time spent in this place.
 D = Time resting spent in this place.
 E = Time spent auto-exploring this place.
 F = Levels seen in this place.
 G = Mean time per level.
                   A        B        C        D        E       F      G
               +--------+--------+--------+--------+--------+-----+--------+
         Total |   2628 |   2522 |    106 |    396 |   1768 |   5 |  525.6 |
       Dungeon |   2628 |   2522 |    106 |    396 |   1768 |   5 |  525.6 |
               +--------+--------+--------+--------+--------+-----+--------+

Top non-repeatable levels by time:
     D:2: 1177 daAuts
     D:1: 1124 daAuts
     D:3: 307 daAuts
     D:5: 12 daAuts
     D:4: 5 daAuts
